 Dungeon Crawl Stone Soup version 0.22-a0-246-gdc04c06 (webtiles) character file.

38 PlaidPatriot the Skirmisher (level 3, -1/33 HPs)
             Began as a Draconian Berserker on Feb 23, 2018.
             Was a Follower of Trog.
             Slain by an orc wizard
             ... wielding a +0 dagger
              (3 damage)
             ... on level 3 of the Dungeon.
             The game lasted 00:17:43 (1666 turns).

PlaidPatriot the Skirmisher (Draconian Berserker)   Turns: 1666, Time: 00:17:44

Health: -1/33      AC:  5    Str: 20    XL:     3   Next: 25%
Magic:  3/3        EV: 13    Int:  7    God:    Trog [*.....]
Gold:   92         SH:  0    Dex: 10    Spells: 2/2 levels left

rFire    x . .     SeeInvis .   a - +0 mace
rCold    + . .     Gourm    .   (no shield)
rNeg     . . .     Faith    .   (armour unavailable)
rPois    .         Spirit   .   (helmet restricted)
rElec    .         Reflect  .   (no cloak)
rCorr    .         Harm     .   (no gloves)
MR       .....                  (no boots)
Stlth    +.........             (no amulet)
HPRegen  0.11/turn              j - ring of ice
MPRegen  0.08/turn              (no ring)

@: no status effects
A: unfitting armour, cold-blooded, AC +5
a: Berserk, Renounce Religion


You were on level 3 of the Dungeon.
You worshipped Trog.
Trog was aware of your devotion.
You were not hungry.

You visited 1 branch of the dungeon, and saw 3 of its levels.

You collected 92 gold pieces.

Inventory:

Hand Weapons
 a - a +0 mace (weapon)
 e - a +0 dagger of speed
 u - a +0 dagger
Missiles
 c - 44 stones (quivered)
 p - 68 bolts
Jewellery
 j - a ring of ice (left hand)
Scrolls
 f - a scroll of fog {unknown}
 g - 2 scrolls of enchant weapon {unknown}
 i - 3 scrolls of remove curse {unknown}
 n - a scroll of enchant armour {unknown}
 q - 2 scrolls of identify {unknown}
 s - a scroll of amnesia {unknown}
 t - a scroll of noise {unknown}
 v - a scroll of teleportation {unknown}
Potions
 d - a potion of mutation {unknown}
 k - a potion of resistance {unknown}
 o - a potion of might {unknown}
 r - a potion of degeneration {unknown}
 w - a potion of cancellation {unknown}
Comestibles
 b - 2 rations


   Skills:
 + Level 3.7 Fighting
 + Level 0.4 Short Blades
 + Level 3.3 Maces & Flails
 + Level 3.2 Dodging
 + Level 0.3 Stealth


You had 2 spell levels left.
You didn't know any spells.

Dungeon Overview and Level Annotations

Branches:
Dungeon (3/15)

Altars:


Innate Abilities, Weirdness & Mutations

Your plain brown scales are hard. (AC +5)
You cannot fit into any form of body armour.
You are cold-blooded and may be slowed by cold attacks.


Message History

You miss the orc wizard.
The orc wizard is heavily wounded.
The orc wizard hits you with a dagger.
* * * LOW HITPOINT WARNING * * *
The orc wizard hits you with a dagger.
* * * LOW HITPOINT WARNING * * *
You completely miss the orc wizard.
The orc wizard is heavily wounded.
The orc wizard hits you with a dagger.
* * * LOW HITPOINT WARNING * * *
The orc wizard misses you.
You closely miss the orc wizard.
The orc wizard is heavily wounded.
The orc wizard hits you but does no damage.
The orc wizard gestures at you while chanting.
You resist with significant effort.
You barely miss the orc wizard.
The orc wizard is heavily wounded.
The orc wizard hits you with a dagger.
You die...

.# #.. ..! ... #.#
#.# #.# #.# # #
#.# #.#.# #.
#.###.#.##
#..###..##....####
#..o@))#..<.......
##.###........####
# #######.## .# #


You could see an orc wizard.

Vanquished Creatures
  An adder (D:2)
  A worm (D:2)
  2 orcs (D:3)
  A ball python (D:1)
  3 giant cockroaches
  3 hobgoblins
  3 bats (D:2)
  2 frilled lizards (D:2)
  3 goblins
  3 kobolds
  A rat (D:2)
23 creatures vanquished.

Vanquished Creatures (others)
  An orc wizard (D:3)
  3 orcs (D:3)
  A rat (D:3)
5 creatures vanquished.

Grand Total: 28 creatures vanquished

Notes
Turn   | Place    | Note
-------+----------+-------------------------------------------
     0 | D:1      | PlaidPatriot the Draconian Berserker began the quest for the Orb.
     0 | D:1      | Reached XP level 1. HP: 19/19 MP: 1/1
  1087 | D:2      | Reached XP level 2. HP: 22/26 MP: 2/2
  1355 | D:2      | Reached XP level 3. HP: 16/33 MP: 3/3
  1666 | D:3      | Slain by an orc wizard

Vault maps used:
D:1:      minmay_arrival_four_circles, patterned_corridor
D:2:      minmay_pentomino_s4
D:3:      fiery_altar_vehumet, lemuel_doored_altar, bloody_makhleb

Skill      XL: |  1  2 |
---------------+-------+-----
Dodging        | 3 |  3.2
Fighting       | |  3.7
Short Blades   | |  0.4
Maces & Flails | |  3.3
Stealth        | |  0.3

Action                   || total
-------------------------++-------
Melee: Dagger            ||    27
       Mace              ||    59
       Tailslap          ||    11
  Eat: Chunk             ||     2
Armor: Skin              ||    17
Dodge: Dodged            ||    48

Table legend:
 A = Spawn XP
 B = Non-spawn XP
 C = Spawn XP percentage of total XP
 D = Spawn monster count
 E = Non-spawn monster count
 F = Spawn count percentage of total count
 G = Total turns spent on level
                    A         B        C        D         E        F      G
               +---------+---------+-------+---------+---------+-------+---------
         Total |       0 |      55 |   0.0 |       0 |      23 |   0.0 |  1666
               +---------+---------+-------+---------+---------+-------+---------
           D:1 |       0 |      10 |   0.0 |       0 |       6 |   0.0 |  1068
           D:2 |       0 |      37 |   0.0 |       0 |      14 |   0.0 |   570
           D:3 |       0 |       8 |   0.0 |       0 |       3 |   0.0 |    28
               +---------+---------+-------+---------+---------+-------+---------
